[Event "*** Titled Tuesday Blitz"]
[Site "Chess.com"]
[Date "2021.03.02"]
[Round "11"]
[White "mikolka1985"]
[Black "ViditYT"]
[Result "0-1"]
[WhiteElo "2652"]
[BlackElo "2949"]
[TimeControl "180+1"]
[EndTime "12:08:37 PST"]
[Termination "ViditYT won by resignation"]

1. d4 Nf6 2. c4 e6 3. Nf3 Bb4+ 4.
Bd2 a5 5. g3 O-O 6. Bg2 d5 7. O-O Be7 8. Qc2 c6 9. Bf4 Nbd7 10.
Rd1 a4 11. Ne5 Nxe5 12. dxe5 Nd7 13. cxd5 cxd5 14. e4 d4 15. Rxd4 Qb6 16. Rd2 Qa5 17. Na3 Nxe5 18. Rad1 Bb4 19. Rd4 Nc6 20. R4d3 e5 21.
Rd5 Qb6 22. Nc4 Qa6 23. Nxe5 Be6 24. Bf1 Qa7 25. Nxc6 bxc6 26. R5d4 c5 27. Rd6 Bxa2 28. Bc4 Bxc4 29. Qxc4 a3 30. bxa3 Qxa3 31. e5 Qf3 32. e6 fxe6 33. Qxe6+ Kh8 34. Rd7 Rae8 35. Re7 Qxd1+ 0-1

[Event "*** Titled Tuesday Blitz"]
[Site "Chess.com"]
[Date "2021.03.02"]
[Round "11"]
[White "eldur16"]
[Black "andrewtnb"]
[Result "1-0"]
[WhiteElo "2565"]
[BlackElo "2347"]
[TimeControl "180+1"]
[EndTime "12:08:37 PST"]
[Termination "eldur16 won on time"]

1. e4 e6 2. d4 d5 3. e5 b6 4.
Nf3 Ba6 5. Bxa6 Nxa6 6. O-O Ne7 7. c4 Qd7 8. b3 c6 9. Nc3 Nf5 10.
g4 Ne7 11. Qe2 h5 12. h3 hxg4 13. hxg4 c5 14. Bg5 dxc4 15. Rad1 Qb7 16. Nb5 Nd5 17. bxc4 Ndb4 18. a3 Nc2 19. d5 exd5 20. cxd5 Nd4 21. Nfxd4 cxd4 22. Rxd4 Bc5 23. Nd6+ Bxd6 24. exd6+ Kf8 25.
d7 Qxd7 26. Qxa6 1-0

[Event "*** Titled Tuesday Blitz"]
[Site "Chess.com"]
[Date "2021.03.02"]
[Round "11"]
[White "Gabrielian_Artur"]
[Black "FairChess_on_YouTube"]
[Result "0-1"]
[WhiteElo "2797"]
[BlackElo "2959"]
[TimeControl "180+1"]
[EndTime "12:08:40 PST"]
[Termination "FairChess_on_YouTube won by resignation"]

1. e4 d5 2. exd5 Qxd5 3. Nc3 Qd6 4. d4 Nf6 5. Nf3 c6 6. Ne5 Nbd7 7. Bf4 Qb4 8. Qd2 Nxe5 9. Bxe5 Bf5 10. Bd3 Bxd3 11. Qxd3 Nd7 12. O-O e6 13. Ne4 Nxe5 14. dxe5 Rd8 15. Qf3 Be7 16. Qg4 O-O 17. c3 Qb5 18. f4 Qxb2 19. Rab1 Qxa2 20. Rxb7 Qc4 21. Nf6+ Kh8 22.
Rxe7 Qc5+ 23. Kh1 Qxe7 24. Qg5 Rd3 25. h3 Rfd8 26. Kh2 gxf6 27. exf6 Qf8 28. f5 Qg8 29.
Qh6 Qg3+ 30. Kh1 Rd1 0-1

[Event "*** Titled Tuesday Blitz"]
[Site "Chess.com"]
[Date "2021.03.02"]
[Round "11"]
[White "Unknown_IM"]
[Black "VitaRasik"]
[Result "0-1"]
[WhiteElo "2393"]
[BlackElo "2554"]
[TimeControl "180+1"]
[EndTime "12:08:40 PST"]
[Termination "VitaRasik won by resignation"]

1. e4 d6 2. d4 g6 3. Nf3 Nf6 4. Nc3 Bg7 5. g3 O-O 6. Bg2 Nc6 7. O-O Bg4 8. Be3 e5 9. dxe5 Nxe5 10. Qe2 Re8 11.
Rfd1 h6 12. Bf4 Nfd7 13. Rac1 g5 14. Bxe5 Nxe5 15. Nd5 c6 16. Ne3 Bh5 17. Nf5 Bf8 18.
Qe3 Qf6 19. b3 d5 20. Nxe5 Rxe5 21. Re1 dxe4 22. Bxe4 Rae8 23. Qd3 Bg6 24. Kf1 Rxe4 25. Rxe4 Bxf5 26. Rxe8 Bxd3+ 27. cxd3 Kg7 28. Rce1 Bc5 29. R1e2 a5 30. Kg2 g4 31. h3 Qf3+ 32. Kh2 Bxf2 33. h4 Qxg3+ 0-1

[Event "*** Titled Tuesday Blitz"]
[Site "Chess.com"]
[Date "2021.03.02"]
[Round "11"]
[White "korkmaz16"]
[Black "JoakimVonAnd"]
[Result "1-0"]
[WhiteElo "2421"]
[BlackElo "2484"]
[TimeControl "180+1"]
[EndTime "12:08:44 PST"]
[Termination "korkmaz16 won by resignation"]

1. e4 c5 2. Nf3 d6 3. c3 Nf6 4. Be2 g6 5. O-O Bg7 6. Bb5+ Bd7 7. Bxd7+ Qxd7 8. Re1 Nc6 9. d4 cxd4 10. cxd4 d5 11. e5 Ne4 12. Nbd2 Nxd2 13. Bxd2 O-O 14. b4 Rac8 15. Qb3 b5 16. a4 a6 17. axb5 axb5 18.
Rec1 e6 19. Rc5 Ne7 20. Ra5 Rb8 21. Qd3 Rfc8 22. Raxb5 Bf8 23. Rxb8 Rxb8 24. Qc2 Rb7 25. g4 Kg7 26. Bg5 Ng8 27. Rc8 Rxb4 28. Bf6+ Nxf6 29. exf6+ Kg8 30. Rxf8+ Kxf8 31. Qc5+ Ke8 32. Qxb4 Qd8 33. g5 h5 34. Ne5 1-0

[Event "*** Titled Tuesday Blitz"]
[Site "Chess.com"]
[Date "2021.03.02"]
[Round "11"]
[White "WcmDominicToretto"]
[Black "Evachess2006"]
[Result "1-0"]
[WhiteElo "1900"]
[BlackElo "1589"]
[TimeControl "180+1"]
[EndTime "12:08:44 PST"]
[Termination "WcmDominicToretto won on time"]

1. e4 e5 2. Nf3 Nc6 3. Nc3 Nf6 4. d4 exd4 5. Nxd4 Nxd4 6. Qxd4 d6 7. Bg5 Be7 8. O-O-O O-O 9. f4 Bg4 10. Be2 Bxe2 11.
Nxe2 h6 12. Bh4 Nxe4 13. Qxe4 Bxh4 14. g4 Re8 15. Qf3 Qe7 16. Nd4 Qe3+ 17. Kb1 Qxf3 18.
Nxf3 Re4 19. Nxh4 Rxf4 20. h3 Rf2 21. Nf5 Re8 22. Rde1 Re6 23. Nd4 Rxe1+ 24. Rxe1 Kf8 25. Rh1 Rd2 26. Nb3 Rd5 27. a3 Re5 28. Kc1 c5 29.
Kd2 b5 30. Nc1 Rd5+ 31. Ke3 Ke7 32. Nd3 c4 33. Nf4 Re5+ 34. Kd4 g5 35. Nd5+ Kd7 36. Rf1 Ke8 37. Rf6 Re1 38. Rxh6 Rd1+ 39. Ke4 Rd2 40.
Rh8+ Kd7 41. Ne3 Re2 42. Kf3 1-0

[Event "*** Titled Tuesday Blitz"]
[Site "Chess.com"]
[Date "2021.03.02"]
[Round "11"]
[White "Diamantidis_13"]
[Black "hellokostya"]
[Result "1/2-1/2"]
[WhiteElo "2436"]
[BlackElo "2546"]
[TimeControl "180+1"]
[EndTime "12:08:46 PST"]
[Termination "Game drawn by repetition"]

1. d4 Nf6 2. c4 g6 3. Nc3 Bg7 4. e4 d6 5. Nf3 O-O 6. h3 Na6 7.
Bg5 c6 8. Be2 h6 9. Be3 e5 10.
d5 Nh5 11. g3 cxd5 12. cxd5 f5 13. exf5 gxf5 14. Nh4 f4 15. gxf4 Qxh4 16. Bxh5 exf4 17. Bd2 Nb4 18. Bg4 Bxg4 19. Qxg4 Nc2+ 20. Ke2 Rae8+ 21.
Kd3 Nb4+ 22. Kc4 Qxf2 23. Kxb4 Qxd2 24. Kb3 Re3 25. Rac1 Qxd5+ 26. Kc2 Rxc3+ 27. bxc3 Qxa2+ 28. Kd3 Re8 29. Rce1 Qa6+ 30. Kd2 Qa2+ 31. Kd3 Qd5+ 32. Kc2 Qa2+ 33. Kd3 1/2-1/2

[Event "*** Titled Tuesday Blitz"]
[Site "Chess.com"]
[Date "2021.03.02"]
[Round "11"]
[White "ChristopherYoo"]
[Black "bocah_sakit"]
[Result "0-1"]
[WhiteElo "2884"]
[BlackElo "2869"]
[TimeControl "180+1"]
[EndTime "12:08:48 PST"]
[Termination "bocah_sakit won by resignation"]

1. d4 Nf6 2. Nf3 g6 3. c4 Bg7 4. Nc3 O-O 5. Bg5 d6 6. Qd2 c5 7. d5 Qb6 8. e4 e6 9. Be2 Re8 10.
O-O exd5 11. exd5 Bf5 12. Rfe1 Nbd7 13. Rad1 Ne4 14. Nxe4 Bxe4 15. b3 a5 16. Qf4 a4 17.
Nd2 Bc2 18. Rc1 axb3 19. axb3 Ra2 20. Bg4 Ne5 21. Nf3 f5 22. Bh3 Be4 23. Rxe4 fxe4 24. Qxe4 Nxf3+ 25. Qxf3 Rf8 26. Qe3 Raxf2 27. Qe6+ Kh8 28.
Be7 Rf1+ 29. Rxf1 Bd4+ 30. Rf2 Rxf2 31. Qd7 Rf3+ 0-1

[Event "*** Titled Tuesday Blitz"]
[Site "Chess.com"]
[Date "2021.03.02"]
[Round "11"]
[White "pastouche06"]
[Black "oogee"]
[Result "1-0"]
[WhiteElo "2557"]
[BlackElo "2397"]
[TimeControl "180+1"]
[EndTime "12:08:49 PST"]
[Termination "pastouche06 won by resignation"]

1. d4 Nf6 2. c4 g6 3. f3 Bg7 4.
e4 O-O 5. Ne2 d6 6. Be3 a6 7.
Qd2 b5 8. Ng3 c6 9. Be2 bxc4 10.
Bxc4 d5 11. Be2 dxe4 12. fxe4 Ng4 13. Bxg4 Bxg4 14. O-O Nd7 15. h3 Be6 16. d5 Bxd5 17. exd5 Qb8 18. dxc6 Nb6 19. Bf4 e5 20. Bh6 Nc4 21. Qc1 Bxh6 22. Qxh6 Qxb2 23. Ne4 Qd4+ 24. Nf2 Qxa1 25. Nd2 Qd4 26. Nf3 Qa7 27. Rc1 Rad8 28.
Ng5 f5 29. Rxc4 Rd1+ 30. Kh2 Rf1 31. c7 1-0

[Event "*** Titled Tuesday Blitz"]
[Site "Chess.com"]
[Date "2021.03.02"]
[Round "11"]
[White "GUST_b"]
[Black "BanjoKazooieN64"]
[Result "0-1"]
[WhiteElo "2366"]
[BlackElo "2525"]
[TimeControl "180+1"]
[EndTime "12:08:49 PST"]
[Termination "BanjoKazooieN64 won by checkmate"]

1. Nf3 Nf6 2. c4 g6 3. g3 Bg7 4. Bg2 O-O 5. O-O d6 6. d4 c6 7. Nc3 Qa5 8. e4 Bg4 9. h3 Bxf3 10. Bxf3 e5 11. d5 cxd5 12. cxd5 Rc8 13. Be3 Nbd7 14. a3 a6 15. b4 Qd8 16. Rc1 Nb6 17. Be2 Nc4 18.
Bxc4 Rxc4 19. Qd3 b5 20. f3 Rac8 21. Ne2 Nd7 22. Rxc4 Rxc4 23. Rc1 Nb6 24. Kg2 Rxc1 25. Nxc1 Nc4 26. Na2 Bf6 27. h4 h5 28. a4 g5 29.
hxg5 Bxg5 30. Bf2 h4 31. g4 h3+ 32. Kxh3 Qf6 33. axb5 axb5 34. Nc3 Qh6+ 35. Kg2 Bf4 36. Bg1 Qh4 37. Nxb5 Qg3+ 38. Kf1 Nd2+ 39. Ke2 Qxg1 40. Nxd6 Qf1# 0-1

[Event "*** Titled Tuesday Blitz"]
[Site "Chess.com"]
[Date "2021.03.02"]
[Round "11"]
[White "1977Ivan"]
[Black "tigra"]
[Result "1-0"]
[WhiteElo "2812"]
[BlackElo "2878"]
[TimeControl "180+1"]
[EndTime "12:08:50 PST"]
[Termination "1977Ivan won by checkmate"]

1. e4 c5 2. Nc3 Nc6 3. Bb5 a6 4.
Bxc6 dxc6 5. f4 Qc7 6. d3 g6 7. Nf3 Bg4 8. O-O Bg7 9. Qe1 Bxf3 10. Rxf3 Nf6 11. Qh4 Nd7 12. e5 f6 13. Be3 fxe5 14.
f5 Bf6 15. Qc4 b5 16. Qe4 g5 17. a4 Kf7 18. Rh3 b4 19. Qc4+ Kg7 20. Ne4 h6 21. g4 Nb6 22. Qxc5 Nd5 23. Bd2 h5 24.
gxh5 Kh7 25. Kh1 Rag8 26. Rg1 Nf4 27. Rf3 Kh6 28. Bxb4 g4 29. Rfg3 Bh4 30. Rxg4 Rxg4 31. Rxg4 Kxh5 32. Qg1 Bf6 33. Rxf4 exf4 34. Qg6+ Kh4 35.
Be1+ Kh3 36. Qg2# 1-0

[Event "*** Titled Tuesday Blitz"]
[Site "Chess.com"]
[Date "2021.03.02"]
[Round "11"]
[White "PavelShkapenko"]
[Black "profofchess"]
[Result "1-0"]
[WhiteElo "2669"]
[BlackElo "2477"]
[TimeControl "180+1"]
[EndTime "12:08:50 PST"]
[Termination "PavelShkapenko won on time"]

1. e4 e6 2. d4 d5 3. exd5 exd5 4. Nf3 Bg4 5. h3 Bh5 6. Qe2+ Qe7 7. Be3 Nc6 8. Nc3 O-O-O 9. g4 Bg6 10. O-O-O f6 11.
a3 Qd7 12. Nd2 Na5 13. b4 Nc6 14. Nb3 h5 15. Bg2 hxg4 16. hxg4 Rxh1 17. Rxh1 Bf7 18. Kb2 Nh6 19. Na4 Kb8 20. Nac5 Bxc5 21. Nxc5 Qxg4 22. Qb5 Qc8 23. Rxh6 gxh6 24. Bh3 Nxd4 25. Bxd4 c6 26. Bxc8 cxb5 27. Bxb7 a5 28. bxa5 Rd6 29. a6 Ka7 30. Nd7+ 1-0

[Event "*** Titled Tuesday Blitz"]
[Site "Chess.com"]
[Date "2021.03.02"]
[Round "11"]
[White "Andrakhanova"]
[Black "Lion-Al-Messi"]
[Result "0-1"]
[WhiteElo "2287"]
[BlackElo "2446"]
[TimeControl "180+1"]
[EndTime "12:08:50 PST"]
[Termination "Lion-Al-Messi won by resignation"]

1. c4 c5 2. Nc3 Nc6 3. g3 g6 4.
Bg2 Bg7 5. Nf3 Nh6 6. b3 Nf5 7.
Bb2 O-O 8. e3 a6 9. O-O Rb8 10.
a4 Nb4 11. d4 cxd4 12. Nxd4 d5 13. Nxd5 Nxd5 14. cxd5 e5 15. dxe6 Bxe6 16. Nxe6 Qxd1 17. Raxd1 fxe6 18. Bxg7 Kxg7 19. Rd7+ Rf7 20. Rfd1 b5 21. Rxf7+ Kxf7 22. Rd7+ Kf6 23. e4 bxa4 24. bxa4 Rb1+ 25. Bf1 Ne7 26. e5+ Kf7 27. Kg2 Ra1 28. Rd4 a5 29.
Bc4 Re1 30. f4 Rc1 31. h4 Rc2+ 32. Kh3 Rc3 33. Bd3 Nd5 34. Be4 Nxf4+ 35. Kg4 Ne2 36. Rd7+ Ke8 37. Rd3 Rc4 38. Kf3 Nd4+ 39. Ke3 Nf5+ 40. Bxf5 gxf5 41. Rd6 Re4+ 42. Kf3 Rxe5 43. Ra6 h6 44. h5 Ke7 45. Ra8 Kf7 46. Ra7+ Kf6 47.
Ra6 Kg5 48. Ra8 Kxh5 49. Ra6 Kg5 50. Ra8 Rc5 51. Ra6 Rc3+ 52. Kg2 Kg4 53. Rxe6 Rc2+ 54. Kf1 Kf3 55. Ke1 Rc4 56. Re5 Re4+ 0-1

[Event "*** Titled Tuesday Blitz"]
[Site "Chess.com"]
[Date "2021.03.02"]
[Round "11"]
[White "KubaGepard"]
[Black "Angel_Hranitel_37"]
[Result "0-1"]
[WhiteElo "2397"]
[BlackElo "2495"]
[TimeControl "180+1"]
[EndTime "12:08:52 PST"]
[Termination "Angel_Hranitel_37 won by resignation"]

1. d4 d5 2. Nf3 Nf6 3. Bf4 Bf5 4. e3 e6 5. c3 c5 6. Nbd2 Nc6 7. Nh4 Bd6 8. Bxd6 Qxd6 9. dxc5 Qxc5 10. Nxf5 exf5 11. Nb3 Qd6 12. Bd3 g6 13. Nd4 O-O 14. h4 h5 15.
Nxc6 bxc6 16. Qc2 a5 17. Rh3 a4 18. Rd1 a3 19. b3 Qe7 20. Bxf5 gxf5 21. Qxf5 Kh8 22.
Rf3 Nh7 23. Qxh5 Qc5 24. c4 Qa5+ 25. Kf1 dxc4 26. Qxa5 Rxa5 27. bxc4 Kg7 28. g3 Nf6 29. Rd4 c5 30. Rdf4 Ra6 31. g4 Nd7 32. Rf5 f6 33. g5 Rb8 34. h5 Rb1+ 35. Kg2 Rb2 36. h6+ Kg6 37. gxf6 Nxf6 38. Rxc5 Rxa2 39. Rg3+ Kxh6 40. Rc8 Rxf2+ 41. Kxf2 Ne4+ 42. Kf3 Nxg3 43. Rh8+ Kg7 44. Rd8 a2 45. Rd1 a1=Q 46. Rxa1 Rxa1 47. Kxg3 Kf6 48. Kf4 Rc1 0-1

[Event "*** Titled Tuesday Blitz"]
[Site "Chess.com"]
[Date "2021.03.02"]
[Round "11"]
[White "chescomhuynya"]
[Black "Pogosian_Manvel"]
[Result "1-0"]
[WhiteElo "2559"]
[BlackElo "2415"]
[TimeControl "180+1"]
[EndTime "12:08:52 PST"]
[Termination "chescomhuynya won on time"]

1. d4 Nf6 2. c4 e6 3. g3 d5 4. Nf3 Be7 5. Bg2 O-O 6. Nc3 dxc4 7. Ne5 Nc6 8. Bxc6 bxc6 9. Nxc6 Qe8 10. Nxe7+ Qxe7 11. Qa4 e5 12. dxe5 Qxe5 13. Bf4 Qh5 14. f3 Be6 15. O-O c5 16. Rad1 h6 17. Qa5 Rfe8 18.
e4 Bh3 19. Rf2 Nxe4 20. fxe4 Rxe4 21. Rd8+ Re8 22. Rxa8 Rxa8 23. Qa4 Rd8 24. Qc2 Rd3 25. Qe2 Qg6 26. Qe8+ Kh7 27. Rd2 Rxc3 28. bxc3 Qb1+ 29. Kf2 Qf1+ 30. Ke3 Qe1+ 31. Re2 Qxc3+ 32. Kf2 Bg4 33. Qe3 Qa1 34. Re1 Qxa2+ 35. Qd2 Qb3 36. Rc1 Qf3+ 37. Kg1 Bh3 38. Qc2+ 1-0

[Event "*** Titled Tuesday Blitz"]
[Site "Chess.com"]
[Date "2021.03.02"]
[Round "11"]
[White "Galileo22"]
[Black "Nozdrachev_Leonid"]
[Result "0-1"]
[WhiteElo "2433"]
[BlackElo "2530"]
[TimeControl "180+1"]
[EndTime "12:08:52 PST"]
[Termination "Nozdrachev_Leonid won by checkmate"]

1. e4 d6 2. d4 Nf6 3. Nc3 e5 4. Nge2 c6 5. h3 b5 6. a3 Be7 7. g4 a5 8. Bg2 Ba6 9. Ng3 b4 10. Nce2 exd4 11. Nxd4 O-O 12. h4 d5 13. e5 Ne4 14.
Nxe4 dxe4 15. g5 bxa3 16. bxa3 Bc5 17. Be3 Qd5 18. Ne2 Qxe5 19. O-O Bxe2 20. Qxe2 Bd6 21. f4 exf3 22. Qxf3 Qh2+ 23. Kf2 Qxh4+ 24. Ke2 Qc4+ 25.
Kf2 Qh4+ 26. Ke2 Nd7 27. Rad1 Ne5 28. Qf5 g6 29. Qf6 Qc4+ 30. Ke1 Ng4 31. Qxd6 Nxe3 32. Bf3 Qxf1+ 33. Kd2 Qxf3 34. Rh1 Qxh1 35. Kc3 Qd5 36. Kb2 Qxd6 37. Ka2 Qc5 38. a4 Qxc2+ 39. Ka3 Qc3+ 40. Ka2 Qb4 41. Ka1 Rab8 42. Ka2 Qxa4# 0-1

[Event "*** Titled Tuesday Blitz"]
[Site "Chess.com"]
[Date "2021.03.02"]
[Round "11"]
[White "CM_rui"]
[Black "djano"]
[Result "0-1"]
[WhiteElo "2342"]
[BlackElo "2476"]
[TimeControl "180+1"]
[EndTime "12:08:52 PST"]
[Termination "djano won on time"]

1. e4 e5 2. Nc3 Bc5 3. f4 d5 4.
Nxd5 c6 5. Nc3 exf4 6. Nf3 Bg4 7. Be2 Nf6 8. d3 Qb6 9. Na4 Qa5+ 10. c3 Be3 11.
Bxe3 fxe3 12. O-O Nbd7 13. b4 Qc7 14. Nd4 h5 15. Qe1 Bxe2 16. Qxe2 Ng4 17. g3 Ndf6 18. Nf5 O-O-O 19. Nc5 b6 20. Na6 Qe5 21. a4 Kb7 22. b5 c5 23. Rac1 c4 24. d4 Qxe4 25.
Qg2 e2 26. Rfe1 Rhe8 27. Rxe2 Qxg2+ 28. Rxg2 g6 29. Nh4 Re3 30. Rf2 Rde8 31. Rff1 Nd5 32. h3 Rxg3+ 33. Ng2 Nge3 34. Rxf7+ Kc8 0-1

[Event "*** Titled Tuesday Blitz"]
[Site "Chess.com"]
[Date "2021.03.02"]
[Round "11"]
[White "elextranjero00"]
[Black "Natalya_Buksa"]
[Result "1-0"]
[WhiteElo "2657"]
[BlackElo "2521"]
[TimeControl "180+1"]
[EndTime "12:08:53 PST"]
[Termination "elextranjero00 won by checkmate"]

1. e4 c5 2. Nf3 Nc6 3. Bb5 g6 4. O-O Bg7 5. c3 Nf6 6. Re1 O-O 7. d4 cxd4 8. cxd4 d5 9. e5 Ne4 10. Be3 Qb6 11. Bxc6 Qxc6 12. Nbd2 Bg4 13. h3 Nxd2 14. Bxd2 Bf5 15. Re3 Rac8 16. Rc1 Qd7 17. Rec3 Rxc3 18.
Rxc3 Rc8 19. Qb3 Rxc3 20. Bxc3 h6 21. Nd2 Bd3 22. Bb4 Ba6 23. Qa3 Bf8 24. Nb3 Qb5 25.
Nd2 Qe2 26. Qe3 Qd1+ 27. Kh2 Qc2 28. Qc3 Qd1 29. Qe3 Kg7 30. Nb3 Bc4 31. Nc5 e6 32. Qf4 Be7 33. Nxe6+ fxe6 34. Bxe7 Qd3 35. Qf8+ Kh7 36.
Qf7+ Kh8 37. Bf6# 1-0

[Event "*** Titled Tuesday Blitz"]
[Site "Chess.com"]
[Date "2021.03.02"]
[Round "11"]
[White "campomania3"]
[Black "Joseacorrea"]
[Result "1-0"]
[WhiteElo "2161"]
[BlackElo "2072"]
[TimeControl "180+1"]
[EndTime "12:08:53 PST"]
[Termination "campomania3 won on time"]

1. d4 e6 2. c4 f5 3. Nc3 Nf6 4.
Nf3 c6 5. Bf4 d5 6. e3 Bd6 7.
Bxd6 Qxd6 8. Bd3 Nbd7 9. O-O O-O 10. Rc1 Ne4 11. Nd2 Rf6 12. f3 Rh6 13. f4 Qe7 14.
Nf3 Ndf6 15. Ne5 Bd7 16. Bxe4 Nxe4 17. Nxe4 fxe4 18. g3 Be8 19. Qg4 Bh5 20. Qg5 Re8 21. a3 dxc4 22. Qxe7 Rxe7 23. Nxc4 Be2 24. Rf2 Bxc4 25.
Rxc4 Rf6 26. Rc5 Rf5 27. Rfc2 Ref7 28. Re5 Rxe5 29. dxe5 Rd7 30. Kf2 Kf7 31. Ke2 Rd3 32.
Rc4 Rb3 33. Rc2 Ke7 34. Kd2 Kd7 35. h4 b6 36. g4 c5 37. h5 Kc6 38. Ke2 a5 39. Rd2 Kb5 40. f5 1-0

[Event "*** Titled Tuesday Blitz"]
[Site "Chess.com"]
[Date "2021.03.02"]
[Round "11"]
[White "zajka-molotok"]
[Black "mbojan"]
[Result "0-1"]
[WhiteElo "2491"]
[BlackElo "2621"]
[TimeControl "180+1"]
[EndTime "12:08:55 PST"]
[Termination "mbojan won by resignation"]

1. b4 c6 2. Bb2 a5 3. a3 axb4 4. axb4 Rxa1 5. Bxa1 Qb6 6. c3 d5 7. e3 e5 8. Nf3 Bd6 9. Be2 Nf6 10. d4 e4 11. Nfd2 Bf5 12. O-O Qc7 13. h3 b5 14. f3 O-O 15. Bb2 Nbd7 16. f4 Nb6 17. Na3 Re8 18. Nb3 Na4 19. Qc2 h5 20. Nc5 Nb6 21.
Ra1 Qc8 22. Bc1 Kh7 23. Nb1 Rg8 24. Bf1 g5 25. fxg5 Rxg5 26. Kh1 h4 27. Nd2 Nh5 28. Ndb3 Ng3+ 29. Kg1 Nc4 30. Qf2 Kg6 31. Nd2 Nxf1 32. Kxf1 Bxh3 33. gxh3 Qxh3+ 34. Ke1 Bg3 35. Nxc4 Bxf2+ 36. Kxf2 Rg2+ 0-1

[Event "*** Titled Tuesday Blitz"]
[Site "Chess.com"]
[Date "2021.03.02"]
[Round "11"]
[White "guillembaches"]
[Black "catzapto"]
[Result "1/2-1/2"]
[WhiteElo "2421"]
[BlackElo "2092"]
[TimeControl "180+1"]
[EndTime "12:08:55 PST"]
[Termination "Game drawn by repetition"]

1. e4 c5 2. Nf3 e6 3. d4 cxd4 4. Nxd4 Nf6 5. Nc3 Bb4 6. e5 Nd5 7. Bd2 Nxc3 8. bxc3 Be7 9. Bd3 Nc6 10. Nxc6 bxc6 11.
Qg4 g6 12. h4 Qc7 13. f4 Bb7 14. h5 O-O-O 15. Rb1 d5 16. Qe2 Kd7 17. Qf2 c5 18.
Bb5+ Bc6 19. Qe2 c4 20. Bxc6+ Kxc6 21. Be3 Rb8 22. Kf2 Bc5 23. Bxc5 Kxc5 24. hxg6 hxg6 25. Rxh8 Rxh8 26. Qe3+ Kc6 27. Qc1 Rb8 28. Rxb8 Qxb8 29. Qa3 Qb6+ 30. Kf3 Qc5 31. Qa6+ Kc7 32. a4 Kd7 33. Qb7+ Ke8 34. Kg4 Kf8 35. Qb8+ Kg7 36.
Qd8 Qf2 37. Qf6+ Kg8 38. g3 Qe2+ 39. Kh3 Qh5+ 40. Kg2 Qe2+ 41. Kh3 Qh5+ 42. Kg2 Qe2+ 43. Kh3 1/2-1/2

[Event "*** Titled Tuesday Blitz"]
[Site "Chess.com"]
[Date "2021.03.02"]
[Round "11"]
[White "Fortitudine"]
[Black "enriquebutti"]
[Result "0-1"]
[WhiteElo "2313"]
[BlackElo "2201"]
[TimeControl "180+1"]
[EndTime "12:08:56 PST"]
[Termination "enriquebutti won by resignation"]

1. c4 e5 2. g3 Nc6 3. Bg2 g6 4. Nc3 Bg7 5. e4 d6 6. d3 f5 7. Nge2 Nf6 8. O-O O-O 9. f3 f4 10.
d4 g5 11. dxe5 dxe5 12. Qxd8 Nxd8 13. b3 Ne6 14. Nd5 c6 15. Ne7+ Kf7 16. Nxc8 Raxc8 17. Bb2 Nd7 18. Rfd1 Rcd8 19. Bh3 Ndc5 20. Ba3 Rfe8 21.
Bb2 Nd3 22. Bc3 Bf8 23. Kf1 Bc5 24. Rab1 Be3 25. Bf5 h6 26. b4 Nf2 27. Rxd8 Rxd8 28.
Bxe5 Rd2 29. b5 c5 30. Nc3 Nd3 31. Rd1 Rf2+ 32. Kg1 Rxa2+ 33. Kh1 Nf2+ 34. Kg2 Rc2 0-1

[Event "*** Titled Tuesday Blitz"]
[Site "Chess.com"]
[Date "2021.03.02"]
[Round "11"]
[White "politeplayer"]
[Black "stepakyedael"]
[Result "1-0"]
[WhiteElo "2233"]
[BlackElo "2309"]
[TimeControl "180+1"]
[EndTime "12:08:56 PST"]
[Termination "politeplayer won on time"]

1. e4 c5 2. Nf3 e6 3. d4 cxd4 4. Nxd4 a6 5. Bd3 Qc7 6. O-O Bd6 7. f4 h6 8. Be3 Bc5 9. Nd2 Nc6 10.
N2b3 Bb6 11. Kh1 d6 12. Qg4 Kf8 13. Rae1 Nf6 14. Qh4 Nxd4 15. Bxd4 Bxd4 16. Nxd4 Qe7 17.
e5 Ne8 18. Qg3 Kg8 19. f5 dxe5 20. fxe6 Bxe6 21. Nxe6 Qxe6 22. Rxe5 Qxa2 23. Re7 Rd8 24. b3 Nd6 25. h3 Qa3 26. Bc4 Nxc4 27. Rfxf7 1-0

[Event "*** Titled Tuesday Blitz"]
[Site "Chess.com"]
[Date "2021.03.02"]
[Round "11"]
[White "WilliamSchill"]
[Black "Alexandercs432"]
[Result "0-1"]
[WhiteElo "2056"]
[BlackElo "2164"]
[TimeControl "180+1"]
[EndTime "12:08:56 PST"]
[Termination "Alexandercs432 won on time"]

1. e4 e5 2. Nf3 Nf6 3. Nc3 Nc6 4. Be2 d5 5. exd5 Nxd5 6. O-O Nxc3 7. bxc3 Bc5 8. Nxe5 Nxe5 9. d4 Bd6 10. dxe5 Bxe5 11. Qxd8+ Kxd8 12. Bc4 f6 13. Rb1 c6 14. Bb2 Kc7 15. Rbd1 Bf5 16. Bd3 Be6 17. a3 Rad8 18. f4 Bd6 19. c4 Bc5+ 20. Kh1 h6 21. f5 Bf7 22. Rde1 Rhe8 23. a4 Rxe1 24. Rxe1 Re8 25. Rxe8 Bxe8 26. g4 Bf7 27. Kg2 Kb6 28. Bc3 a5 29.
Kf3 Bb4 30. Bd4+ Bc5 31. Bb2 Bb4 32. c3 Bd6 33. Bc1 Bxh2 34. Be3+ Kc7 35. Ke4 b6 36. Be2 Bd6 0-1

[Event "*** Titled Tuesday Blitz"]
[Site "Chess.com"]
[Date "2021.03.02"]
[Round "11"]
[White "Aygehovit1992"]
[Black "superchess02"]
[Result "0-1"]
[WhiteElo "2632"]
[BlackElo "2778"]
[TimeControl "180+1"]
[EndTime "12:08:58 PST"]
[Termination "superchess02 won by checkmate"]

1. e4 c5 2. Nf3 d6 3. d4 cxd4 4. Nxd4 Nf6 5. Nc3 a6 6. Bg5 e6 7. f4 Qc7 8. Qf3 b5 9. O-O-O b4 10. e5 Bb7 11. Qh3 bxc3 12. exf6 Bd5 13. Nf5 cxb2+ 14.
Kb1 Qa5 15. Rxd5 Qxd5 16. fxg7 Bxg7 17. Nxg7+ Kd7 18. Nh5 Qd1+ 19. Kxb2 Nc6 20. Nf6+ Kc7 21. Qe3 Rhb8+ 22. Kc3 Nb4 23. Ne8+ Rxe8 24. Kxb4 Reb8+ 25. Kc3 Rb6 26. Qe4 d5 27. Qe5+ Rd6 28. Be7 d4+ 29.
Kc4 Qxc2+ 30. Kb4 Rb8+ 31. Ka3 Qb2+ 32. Ka4 Qxa2# 0-1

[Event "*** Titled Tuesday Blitz"]
[Site "Chess.com"]
[Date "2021.03.02"]
[Round "11"]
[White "Sibelephant"]
[Black "mishanick"]
[Result "1/2-1/2"]
[WhiteElo "3083"]
[BlackElo "3028"]
[TimeControl "180+1"]
[EndTime "12:09:00 PST"]
[Termination "Game drawn by agreement"]

1. Nf3 d5 2. e3 Nf6 3. c4 e6 4. Nc3 Bd6 5. b3 O-O 6. Bb2 Re8 7. d4 Nbd7 8. Be2 b6 9. Rc1 Bb7 10.
O-O a6 11. Qc2 Ne4 12. Rfd1 f5 13. g3 Qe7 14. cxd5 exd5 15. Bf1 Rf8 16. Ne2 Rae8 17.
Nf4 g5 18. Nd3 f4 19. exf4 gxf4 20. Bg2 fxg3 21. fxg3 Rf7 22. Rf1 Ref8 23. Rce1 Rf6 24. Nde5 Nxe5 25. Nxe5 Rf2 26. Rxf2 Rxf2 27. Re2 Rxe2 28.
Qxe2 Bxe5 29. dxe5 Qc5+ 30. Kf1 Qf8+ 31. Kg1 Qc5+ 32. Kf1 Bc6 33. Bxe4 1/2-1/2

[Event "*** Titled Tuesday Blitz"]
[Site "Chess.com"]
[Date "2021.03.02"]
[Round "11"]
[White "redblizzard"]
[Black "Witik"]
[Result "1-0"]
[WhiteElo "2454"]
[BlackElo "2671"]
[TimeControl "180+1"]
[EndTime "12:09:00 PST"]
[Termination "redblizzard won by resignation"]

1. e4 c6 2. Nf3 d6 3. Nc3 h6 4. d4 g5 5. h3 Bg7 6. Be3 Nd7 7. Qd2 Nf8 8. O-O-O Ng6 9. Kb1 Nf6 10.
Bd3 e5 11. Ne2 Be6 12. Ng3 O-O 13. Nf5 Bxf5 14. exf5 Nf4 15. Bxf4 exf4 16. h4 g4 17. Nh2 g3 18. fxg3 fxg3 19. Nf3 Qb6 20. Rh3 Kh8 21. Rxg3 c5 22. Rh3 cxd4 23. g4 Nd5 24. Rg1 Nc3+ 25. Ka1 Qa5 26. bxc3 dxc3 27. Qc1 Rfe8 28. f6 Bf8 29. g5 Qb4 30. g6 fxg6 31. Rxg6 Qb2+ 32. Qxb2 cxb2+ 33. Kxb2 Re3 34. Rhg3 1-0

[Event "*** Titled Tuesday Blitz"]
[Site "Chess.com"]
[Date "2021.03.02"]
[Round "11"]
[White "Loy_Konstantin"]
[Black "sau6on"]
[Result "0-1"]
[WhiteElo "2352"]
[BlackElo "2503"]
[TimeControl "180+1"]
[EndTime "12:09:00 PST"]
[Termination "sau6on won by checkmate"]

1. e4 c5 2. Nf3 d6 3. d4 cxd4 4. Qxd4 Nc6 5. Bb5 Bd7 6. Bxc6 Bxc6 7. Nc3 h6 8. O-O e5 9. Qd3 Nf6 10. Nd2 Qc7 11. Nc4 Nxe4 12. Nxe4 d5 13. Nxe5 Qxe5 14. Ng3 O-O-O 15. Bd2 d4 16. Rfe1 Qd5 17. Qf5+ Kc7 18. Qxd5 Rxd5 19. Bf4+ Kb6 20. Rad1 Bb4 21. Re5 Rhd8 22.
Rxd5 Rxd5 23. a3 Be7 24. Ne2 g5 25. Bc1 Bf6 26. Ng3 Rc5 27. Rd2 Be5 28. Ne2 Rd5 29. g3 f5 30. b3 Kc7 31. Bb2 d3 32. cxd3 Bxb2 33. Rxb2 Rxd3 34. Kf1 Rd1# 0-1